 Dungeon Crawl Stone Soup version 0.30-a0-937-ga0a21ad780 (console) character file.

Game seed: 14009467195296115912

19871 toffzen the Nimble (level 13, 0/145 HPs)
             Began as a Djinni Berserker on Mar 21, 2023.
             Was a High Priest of Trog.
             Slain by a seven-headed hydra (7 damage)
             ... on level 2 of the Lair of Beasts on Mar 24, 2023.
             The game lasted 00:36:44 (15319 turns).

toffzen the Nimble (Djinni Berserker)              Turns: 15319, Time: 00:36:44

Health: 0/145      AC: 12    Str: 20    XL:     13   Next: 7%
Gold:   570        EV: 12    Int:  8    God:    Trog [*****.] SH:  5 Dex: 15

rFire   + + .      SeeInvis .    b - +5 flail
rCold   x . .      Faith    .    (no shield)
rNeg    . . .      Spirit   .    y - +1 chain mail {Will+}
rPois   ∞          Reflect  +    (no helmet)
rElec   .          Rampage  .    (no cloak)
rCorr   .                        (no gloves)
Will    ++...                    (boots unavailable) Stlth
                                 n - amulet of reflection
HPRegen 0.44/turn                (no ring)
MPRegen 0.00/turn                (no ring)

@: berserking, flying, very quick
A: sickness immunity, fire resistance 2, cold vulnerability 1, float, innate
caster, HP casting, extra vitality 1
a: Renounce Religion, Berserk, Trog's Hand, Brothers in Arms


You were on level 2 of the Lair of Beasts.
You worshipped Trog.
Trog was extremely pleased with you.
You visited 2 branches of the dungeon, and saw 12 of its levels.
You also visited: Sewer, Ossuary and Bailey.

You collected 872 gold pieces.
You spent 302 gold pieces at shops.

Inventory:

Hand Weapons
 a - the +7 executioner's axe "Koeptemmewi" {speed, Str+5}
   (You acquired it in a bailey)

   Str:       It affects your strength (+5).
 b - a +5 flail (weapon)
 D - a +0 war axe
 E - a +0 battleaxe
 F - a +0 broad axe
 G - a +0 hand axe of venom
 K - a +1 heavy hand axe
Missiles
 e - 105 stones (quivered)
 p - 39 poisoned darts
 M - 2 throwing nets
Armour
 y - a +1 chain mail of willpower (worn)
Jewellery
 n - an amulet of reflection (around neck)
Wands
 i - a wand of polymorph (8)
 z - a wand of paralysis (8)
 H - a wand of iceblast (10)
 I - a wand of quicksilver (6)
 J - a wand of mindburst (9)
Scrolls
 d - a scroll of fear
 f - 7 scrolls of teleportation
 g - a scroll of blinking
 q - 3 scrolls of fog
 s - 2 scrolls of summoning
 v - 4 scrolls of immolation
 w - 3 scrolls of enchant armour
 x - a scroll of enchant weapon
 C - a scroll of noise
 L - 2 scrolls of vulnerability
Potions
 c - 2 potions of cancellation
 h - 2 potions of attraction
 j - 2 potions of lignification
 k - 4 potions of resistance {unknown}
 l - 2 potions of berserk rage
 m - a potion of brilliance {unknown}
 o - 4 potions of curing
 r - 6 potions of heal wounds
 t - 6 potions of mutation
 u - a potion of magic {unknown}
 A - 2 potions of might {unknown}
 B - a potion of degeneration {unknown}
 N - a potion of haste


   Skills:
 + Level 10.6 Fighting
 * Level 10.1 Axes
 + Level 10.3 Armour
 + Level 11.2 Dodging


You knew the following spells:

 Your Spells              Type           Power      Damage    Failure   Level
a - Foxfire               Conj/Fire      0%         2x1d4     97%         1
b - Static Discharge      Conj/Air       0%         2-2/arc   99%         2
c - Frozen Ramparts       Ice            0%         1d1       100%        3
d - Summon Lightning Spi  Summ/Air       0%         N/A       100%        4
e - Silence               Hex/Air        0%         N/A       100%        5
f - Plasma Beam           Fire/Air       0%         2x1d11    100%        5
Your spell library was empty.


Dungeon Overview and Level Annotations

Branches:
Dungeon (10/15)            Temple (0/1) D:4            Lair (2/5) D:8
  Swamp (0/4) Lair:2          Orc (0/2) D:9           Sewer (visited)
Ossuary (visited)          Bailey (visited)
  Snake: Lair:2-3    Spider: Lair:2-3

Altars:
Elyvilon
Gozag
Makhleb
Nemelex Xobeh
Okawaru
Trog
Uskayaw
Xom
Yredelemnul

Shops:
D:4 =:[[   D:8 [?**


Innate Abilities, Weirdness & Mutations

You are immune to sickness and miasma.
You are immune to poison.
Your flesh is very heat resistant. (rF++)
You are vulnerable to cold. (rC-)
You float through the air rather than walking.
You learn spells naturally, not from books.
Your magical power is your life essence.
You have superior vitality. (+4 MHP)


Message History

The seven-headed hydra bites you! x2
The seven-headed hydra bites you but does no damage.
A red film seems to cover your vision as you go berserk!
You feel yourself moving faster!
You feel mighty! The seven-headed hydra bites you. x2
The seven-headed hydra closely misses you.
You block the seven-headed hydra's attack.
The seven-headed hydra bites you but does no damage. x2
The seven-headed hydra bites you!
You barely miss the seven-headed hydra. You sock the seven-headed hydra!
The seven-headed hydra is moderately wounded.
You hear an angry hiss.
A black mamba comes into view.
The seven-headed hydra bites you!
The seven-headed hydra closely misses you.
The seven-headed hydra bites you but does no damage.
The seven-headed hydra bites you!
The seven-headed hydra bites you but does no damage.
The seven-headed hydra bites you. The seven-headed hydra bites you!
* * * LOW HITPOINT WARNING * * *
You sock the seven-headed hydra!
The seven-headed hydra is heavily wounded.
The seven-headed hydra bites you.
* * * LOW HITPOINT WARNING * * *
The seven-headed hydra bites you.
* * * LOW HITPOINT WARNING * * *
The seven-headed hydra bites you!
* * * LOW HITPOINT WARNING * * *
The seven-headed hydra barely misses you.
The seven-headed hydra bites you but does no damage.
The seven-headed hydra bites you.
* * * LOW HITPOINT WARNING * * *
The seven-headed hydra bites you!
* * * LOW HITPOINT WARNING * * *
You sock the seven-headed hydra!
The seven-headed hydra is severely wounded.
You block the seven-headed hydra's attack.
The seven-headed hydra bites you!
You die...

#........> #.........
#......... #...)..... ## #
#..P#.P... ..♣. #........#
.S# #.#......# ♣♣♣#D#♣♣♣
#.#....... ♣...#@..♣
#.#......# ♣...♣...♣
#.........
.#######...#######........P
...................P.......
..........##.#.......##+.#.
........######.............
........# ##..P#.#.......
........# #..............
........## ##.........^#..


You could see a seven-headed hydra and a black mamba.

Vanquished Creatures
  Josephine (D:10)
  A hydra (Lair:2)
  A two-headed ogre (D:8)
  A centaur warrior (D:10)
  A bog body (Lair:1)
  A lindwurm (Lair:1)
  3 elephants (Lair:2)
  2 black mambas
  A torpor snail (Lair:1)
  2 komodo dragons
  A troll (D:10)
  A polar bear (Lair:2)
  3 blink frogs (Lair:1)
  3 wyverns
  2 steam dragons (D:9)
  2 humans (D:7)
  34 yaks
  4 wraiths
  A basilisk (Lair:2)
  4 vampire mosquitoes (D:10)
  6 water moccasins
  14 orc warriors
  Pargi (Sewer)
  A black bear (Lair:2)
  2 ice beasts (D:7)
  2 sky beasts
  2 ogres
  3 centaurs
  4 kobold brigands
  A phantom (D:5)
  An elf zombie (Ossuary)
  5 bullfrogs
  A gnoll sergeant (D:9)
  8 wights
  A killer bee (D:10)
  6 electric eels (Bailey)
  4 howler monkeys
  3 centaur zombies (Ossuary)
  3 hounds
  2 jellies
  3 orc priests
  2 human zombies (Ossuary)
  8 iguanas
  14 orc wizards
  2 mummies (Ossuary)
  5 adders
  27 gnolls
  2 shadow imps (D:7)
  2 white imps
  An ufetubus (D:5)
  An adder zombie (Ossuary)
  2 worms (D:3)
  2 dart slugs
  59 orcs
  3 endoplasms
  6 giant cockroaches
  11 goblins
  13 hobgoblins
  13 jackals
  2 quokkas
  10 ball pythons
  2 bats
  7 frilled lizards
  7 hobgoblin zombies (Ossuary)
  3 jackal zombies (Ossuary)
  24 kobolds
  9 kobold zombies (Ossuary)
  10 orc zombies (Ossuary)
  5 rats
  A rat zombie (Ossuary)
  A butterfly (D:4)
396 creatures vanquished.

Vanquished Creatures (others)
  A kobold (D:9)
  5 fungi
  16 plants
22 creatures vanquished.

Grand Total: 418 creatures vanquished

Notes
Turn   | Place    | Note
-------+----------+-------------------------------------------
     0 | D:1      | toffzen the Djinni Berserker began the quest for the Orb.
     0 | D:1      | Reached XP level 1. HP: 20/20 MP: 0/0
     2 | D:1      | Noticed a naga
     2 | D:1      | Noticed a tengu
     4 | D:1      | Noticed an ogre
     4 | D:1      | Noticed a spriggan
     6 | D:1      | Noticed a minotaur
     6 | D:1      | Noticed a demonspawn
     8 | D:1      | Noticed an armataur
     8 | D:1      | Noticed a vine stalker
    10 | D:1      | Noticed a gargoyle
    12 | D:1      | Noticed a formicid
    14 | D:1      | Noticed a human
    14 | D:1      | Noticed a vampire
    16 | D:1      | Noticed a troll
    16 | D:1      | Noticed a draconian
    18 | D:1      | Noticed a demigod
    20 | D:1      | Noticed an elf
    20 | D:1      | Noticed a ghoul
    22 | D:1      | Noticed a felid
    22 | D:1      | Noticed an octopode
    24 | D:1      | Noticed a meteoran
    24 | D:1      | Noticed a draconian
    26 | D:1      | Noticed a meteoran
    26 | D:1      | Noticed a human
   261 | D:1      | Reached XP level 2. HP: 24/25 MP: 0/0
   370 | D:1      | Reached XP level 3. HP: 16/30 MP: 0/0
   370 | D:1      | Learned a level 1 spell: Foxfire
   659 | D:1      | Reached ** piety under Trog
  1244 | D:2      | Reached XP level 4. HP: 33/35 MP: 0/0
  1341 | D:1      | Reached skill level 3 in Dodging
  1907 | D:3      | Reached XP level 5. HP: 41/41 MP: 0/0
  1907 | D:3      | Learned a level 2 spell: Static Discharge
  2024 | D:3      | Found a glowing drain.
  2081 | Sewer    | Entered a sewer
  2139 | Sewer    | Noticed Pargi
  2149 | Sewer    | Killed Pargi
  2150 | Sewer    | Reached XP level 6. HP: 47/47 MP: 0/0
  2535 | D:3      | Upgraded the game from 0.30-a0-920-g7493c07aab to
                  | 0.30-a0-937-ga0a21ad780
  2938 | D:4      | Found a staircase to the Ecumenical Temple.
  3027 | D:4      | HP: 1/70 [acid (8)]
  3230 | D:4      | Reached skill level 4 in Dodging
  3232 | D:4      | Found Qahisk's Armour Shoppe.
  3244 | D:4      | Found a sand-covered staircase.
  3251 | Ossuary  | Entered an ossuary
  3335 | Ossuary  | Reached *** piety under Trog
  3439 | Ossuary  | Reached XP level 7. HP: 52/53 MP: 0/0
  3439 | Ossuary  | Learned a level 3 spell: Frozen Ramparts
  4118 | D:4      | Reached **** piety under Trog
  4244 | D:4      | Found Hyolaj's Book Emporium.
  4246 | D:4      | Found Bamoc's Jewellery Shop.
  4295 | D:4      | Found Jeuriori's Antique Armour Shoppe.
  4416 | D:5      | Entered Level 5 of the Dungeon
  4469 | D:5      | Found a hide-covered altar of Uskayaw.
  4545 | D:5      | Reached skill level 5 in Fighting
  4555 | D:5      | Reached XP level 8. HP: 59/59 MP: 0/0
  4701 | D:5      | Noticed a wraith
  4711 | D:5      | Killed a wraith
  4712 | D:5      | Reached skill level 5 in Dodging
  5070 | D:5      | Reached skill level 5 in Armour
  5105 | D:5      | Found a burning altar of Makhleb.
  6729 | D:7      | Reached skill level 5 in Axes
  6729 | D:7      | Reached skill level 6 in Dodging
  6729 | D:7      | Reached XP level 9. HP: 66/66 MP: 0/0
  6729 | D:7      | Learned a level 4 spell: Summon Lightning Spire
  7759 | D:7      | Reached skill level 7 in Dodging
  7908 | D:7      | Found an iron altar of Okawaru.
  8178 | D:7      | Reached XP level 10. HP: 72/75 MP: 0/0
  8245 | D:8      | Found a white marble altar of Elyvilon.
  8251 | D:8      | Found an opulent altar of Gozag.
  8251 | D:8      | Found a bloodstained altar of Trog.
  8251 | D:8      | Found a shimmering altar of Xom.
  8252 | D:8      | Found a sparkling altar of Nemelex Xobeh.
  8324 | D:8      | Found Nixuuchutso's Magic Scroll Emporium.
  8332 | D:8      | Bought a scroll of identify for 32 gold pieces
  8332 | D:8      | Bought a scroll of teleportation for 48 gold pieces
  8332 | D:8      | Bought a scroll of identify for 32 gold pieces
  8332 | D:8      | Bought a scroll of identify for 32 gold pieces
  8332 | D:8      | Bought a scroll of teleportation for 48 gold pieces
  8417 | D:8      | Noticed a two-headed ogre
  8455 | D:8      | Found Kicoidyt's Antique Armour Shop.
  8515 | D:8      | Found a flagged portal.
  8670 | Bailey   | Entered a bailey
  9295 | Bailey   | Reached skill level 8 in Dodging
  9401 | Bailey   | Noticed an orc high priest
  9546 | Bailey   | Acquired the +7 executioner's axe "Koeptemmewi" {speed,
                  | Str+5}
  9786 | Bailey   | Found an iron altar of Okawaru.
  9787 | Bailey   | Noticed a kobold demonologist
  9793 | Bailey   | Noticed a sun demon
  9901 | D:8      | Found Zeacaol's General Store.
 10078 | D:8      | Found a staircase to the Lair.
 10249 | D:8      | Noticed a two-headed ogre
 10256 | D:8      | Killed a two-headed ogre
 10359 | D:8      | Found Juurph's Assorted Antiques.
 10369 | D:8      | Bought a potion of heal wounds for 110 gold pieces
 10634 | D:9      | Found a staircase to the Orcish Mines.
 10700 | D:9      | Reached XP level 11. HP: 56/82 MP: 0/0
 10700 | D:9      | Learned a level 5 spell: Silence
 10751 | D:9      | Found a basalt altar of Yredelemnul.
 10893 | D:9      | Reached skill level 9 in Dodging
 11343 | D:10     | Entered Level 10 of the Dungeon
 11426 | D:10     | Noticed a centaur warrior
 11433 | D:10     | Killed a centaur warrior
 11435 | D:10     | Noticed Josephine
 11459 | D:10     | Killed Josephine
 11911 | D:10     | Reached skill level 10 in Dodging
 11915 | D:10     | Reached ***** piety under Trog
 12011 | D:10     | Reached XP level 12. HP: 85/90 MP: 0/0
 12535 | Lair:1   | Entered Level 1 of the Lair of Beasts
 12919 | Lair:1   | Reached skill level 10 in Fighting
 13937 | Lair:2   | Reached skill level 10 in Armour
 14208 | Lair:2   | Noticed a five-headed hydra
 14297 | Lair:2   | Reached skill level 11 in Dodging
 14940 | Lair:2   | Found a staircase to the Swamp.
 15096 | Lair:2   | Reached skill level 10 in Axes
 15096 | Lair:2   | Reached XP level 13. HP: 97/97 MP: 0/0
 15096 | Lair:2   | Learned a level 5 spell: Plasma Beam
 15105 | Lair:2   | Killed a five-headed hydra
 15312 | Lair:2   | Noticed a seven-headed hydra
 15318 | Lair:2   | HP: 7/145 [seven-headed hydra (7)]
 15319 | Lair:2   | Slain by a seven-headed hydra

Illustrated notes

Levels and vault maps discovered:
D:1:      kb_arrival_jail, layout_loops_cross
D:2:      layout_basic, kennysheep_pointless_box
D:3:      layout_basic, cheibrodos_sewer_entry_drain
D:4:      layout_basic, minmay_temple_entry_butterflies, serial_shops, shop,
          shop, shop, nicolae_diamond_shop, nicolae_ossuary_entry_monument
D:5:      layout_basic, lemuel_coloured_pillars_altar,
          nicolae_uskayaw_dance_hall
D:6:      layout_basic, serial_glass, glass_columns_a, glass_columns_a,
          glass_columns_b, glass_columns_b
D:7:      corexii_shack_village, layout_basic, okawaru_humans, minmay_circle_x
D:8:      layout_loops_corners, minitemple, dpeg_oklobed_lair, enter_bailey_2,
          serial_shops, nicolae_square_shop,
          nicolae_shop_competitors_out_of_business, shop_statue, shop,
          onia_ninara_dug_in_and_dangerous
D:9:      layout_roguey, overflow_temple_1_default, serial_corexii_hall,
          chequers_hall_statues_corner_a, chequers_hall_statues_wall_a
D:10:     layout_basic, mainiacjoe_overflow_24_doors, special_room
          [special_room_orc], st_stairs_5, uniq_josephine
Lair:1:   layout_cave_shapes
Lair:2:   nzn_winding_woodlands_small [nzn_winding_woodlands_5x15_split_checker,
          nzn_winding_woodlands_center_diamonds,
          nzn_winding_woodlands_5x15_twine], layout_chaotic_city,
          skrybe_swamp_entry_bodies

Skill      XL: |  1  2  3  4  5  6  7  8  9 10 11 12 |
---------------+-------------------------------------+-----
Dodging        | 3 4 6 7 8 10 11 | 11.2
Axes           | 3 4 5 6 7 8 10 | 10.1
Armour         | 3 4 5 6 8 9 10 | 10.3
Fighting       | 4 5 6 7 8 9 10 | 10.6

Action                     |  1- 3 |  4- 6 |  7- 9 | 10-12 | 13-15 || total
---------------------------+-------+-------+-------+-------+-------++-------
  Melee: Hand axe          |    94 |   195 |   398 |   166 |       ||   853
         Punch             |     1 |       |     9 |     2 |       ||    12
         Executioner's axe |       |       |       |   399 |    10 ||   409
         Flail             |       |       |       |       |    11 ||    11
  Throw: Stone             |       |       |     3 |       |       ||     3
 Invoke: Berserk           |       |     4 |     9 |    10 |     2 ||    25
         Trog's Hand       |       |     2 |     2 |     5 |       ||     9
  Evoke: Wand              |       |       |       |     1 |     1 ||     2
    Use: Scroll            |       |    11 |     7 |     6 |       ||    24
   Stab: Sleeping          |     2 |       |       |       |       ||     2
 Armour: Animal skin       |    15 |       |       |       |       ||    15
         Ring mail         |     5 |    90 |    80 |       |       ||   175
         Chain mail        |       |       |    83 |   145 |    22 ||   250
  Dodge: Dodged            |    63 |   142 |   220 |   228 |    22 ||   675
  Block: Other             |       |    31 |    89 |   117 |     8 ||   245
         Reflection        |       |       |       |     1 |       ||     1

Table legend: (Time is in decaauts)
 A = Elapsed time spent in this place.
 B = Non-inter-level travel time spent in this place.
 C = Inter-level travel time spent in this place.
 D = Time resting spent in this place.
 E = Time spent auto-exploring this place.
 F = Levels seen in this place.
 G = Mean time per level.
                   A        B        C        D        E       F      G
               +--------+--------+--------+--------+--------+-----+--------+
         Total |  15884 |  15578 |    306 |   4020 |   6960 |  15 | 1058.9 |
       Dungeon |  10969 |  10729 |    240 |   1683 |   6006 |  10 | 1096.9 |
          Lair |   2788 |   2722 |     66 |   1418 |    836 |   2 | 1394.0 |
         Sewer |    226 |    226 |      0 |     31 |    102 |   1 |  226.0 |
       Ossuary |    716 |    716 |      0 |    256 |      0 |   1 |  716.0 |
        Bailey |   1183 |   1183 |      0 |    632 |     16 |   1 | 1183.0 |
               +--------+--------+--------+--------+--------+-----+--------+

Top non-repeatable levels by time:
  Lair:1: 1756 daAuts
     D:7: 1650 daAuts
     D:6: 1430 daAuts
     D:8: 1283 daAuts
    D:10: 1193 daAuts
  Bailey: 1183 daAuts
  Lair:2: 1032 daAuts
     D:4: 990 daAuts
     D:1: 979 daAuts
     D:5: 943 daAuts
     D:2: 895 daAuts
     D:3: 822 daAuts
     D:9: 779 daAuts
 Ossuary: 716 daAuts
   Sewer: 226 daAuts
